 Dungeon Crawl Stone Soup version 0.29-a0-322-g68df515428 (webtiles) character file.

Game seed: 2783268633721605916

110 croobank the Skirmisher (level 4, 0/41 HPs)
             Began as a Hill Orc Fighter on Apr 7, 2022.
             Slain by a sky beast (3 damage)
             ... on level 3 of the Dungeon.
             The game lasted 00:06:30 (2412 turns).

croobank the Skirmisher (Hill Orc Fighter)          Turns: 2412, Time: 00:06:30

Health: 0/41       AC:  8    Str: 20    XL:     4   Next: 91%
Magic:  4/4        EV: 13    Int:  8    God:
Gold:   110        SH:  4    Dex: 10    Spells: 3/3 levels left

rFire   . . .      SeeInvis .   a - +0 war axe
rCold   . . .      Faith    .   c - +0 buckler
rNeg    . . .      Spirit   .   r - +0 scale mail
rPois   .          Reflect  .   (no helmet)
rElec   .          Harm     .   (no cloak)
rCorr   .          Rampage  .   k - +0 pair of gloves
Will    .....                   (no boots)
Stlth   ..........              (no amulet)
HPRegen 0.13/turn               l - +4 ring of evasion
MPRegen 0.09/turn               (no ring)

@: mighty
A: no striking features
a: no special abilities


You were on level 3 of the Dungeon.
You visited 1 branch of the dungeon, and saw 3 of its levels.

You collected 110 gold pieces.

Inventory:

Hand Weapons
 a - a +0 war axe (weapon)
 b - a +0 hunting sling
 q - a +4 short sword of freezing
Missiles
 h - 109 stones
 j - 4 boomerangs (quivered)
Armour
 c - a +0 buckler (worn)
 k - a +0 pair of gloves (worn)
 n - a +0 chain mail
 r - a +0 scale mail (worn)
Jewellery
 l - a +4 ring of evasion (left hand)
Scrolls
 e - a scroll of magic mapping
 i - a scroll of teleportation
 p - a scroll of fog {unknown}
Potions
 d - a potion of might
 f - 6 potions of curing
 g - 2 potions of ambrosia {unknown}
 m - a potion of attraction {unknown}
 o - a potion of lignification {unknown}
 s - a potion of flight {unknown}


   Skills:
 + Level 4.6 Fighting
 + Level 3.9 Axes
 + Level 4.1 Armour
 + Level 4.0 Shields


You had 3 spell levels left.
You didn't know any spells.
Your spell library was empty.

Dungeon Overview and Level Annotations

Branches:
Dungeon (3/15)

Altars:


Message History

Reactivating autopickup.
The sky beast closely misses you.
You miss the sky beast.
The sky beast is heavily wounded.
You block the sky beast's attack.
You hit the sky beast.
The sky beast is severely wounded.
The sky beast hits you but does no damage.
You barely miss the sky beast.
The sky beast is severely wounded.
The sky beast hits you but does no damage.
The sky beast closely misses you.
You closely miss the sky beast.
The sky beast is severely wounded.
The sky beast closely misses you.
You miss the sky beast.
The sky beast is severely wounded.
The sky beast barely misses you.
You miss the sky beast.
The sky beast is severely wounded.
The sky beast hits you. The sky beast shocks you.
* * * LOW HITPOINT WARNING * * *
The sky beast barely misses you.
You feel very mighty all of a sudden. The sky beast misses you.
You miss the sky beast.
The sky beast is severely wounded.
You block the sky beast's attack.
You barely miss the sky beast.
The sky beast is severely wounded.
The sky beast flickers out of sight!
Deactivating autopickup; reactivate with Ctrl-A.
Something hits you but does no damage.
You barely miss something. Something hits you but does no damage.
Something hits you.
* * * LOW HITPOINT WARNING * * *
Something shocks you.
* * * LOW HITPOINT WARNING * * *
You barely miss something. Something hits you.
You die...

####.##
##.###.####
#.........#
.....<#.##.#
##...##.# #
##..#..# ##
#.## #.# #@#
#.{.....#
......#####
#.#######


There were no monsters in sight!

Vanquished Creatures
  Terence (D:2)
  Robin (D:2)
  A gnoll (D:1)
  An adder (D:2)
  2 worms (D:2)
  A dart slug (D:2)
  2 ball pythons
  2 bats
  An endoplasm (D:2)
  A giant cockroach (D:1)
  10 goblins
  8 hobgoblins
  6 quokkas
  A frilled lizard (D:2)
  4 kobolds
  4 rats
46 creatures vanquished.

Notes
Turn   | Place    | Note
-------+----------+-------------------------------------------
     0 | D:1      | croobank the Hill Orc Fighter began the quest for the Orb.
     0 | D:1      | Reached XP level 1. HP: 19/19 MP: 1/1
    62 | D:1      | Reached XP level 2. HP: 21/27 MP: 2/2
   329 | D:1      | Found a faded altar of an unknown god.
   427 | D:1      | Reached XP level 3. HP: 32/33 MP: 3/3
  1420 | D:2      | Noticed Terence
  1429 | D:2      | Killed Terence
  1430 | D:2      | Reached XP level 4. HP: 36/41 MP: 4/4
  1839 | D:2      | Noticed Robin
  1870 | D:2      | Killed Robin
  2386 | D:3      | Noticed a sky beast
  2412 | D:3      | Slain by a sky beast

Illustrated notes

Levels and vault maps discovered:
D:1:      minmay_arrival_checkered_box, layout_basic, basic_ecumenical_altar,
          chequers_serial_rivers_room_b, minivault_11, minmay_misc_feat_alley,
          chequers_big_river, minmay_hexomino_p4
D:2:      layout_loops_corners, uniq_terence, uniq_robin
D:3:      layout_loops_corners, gammafunk_ghost_gnarly_gnolls

Skill      XL: |  1  2  3  4 |
---------------+-------------+-----
Axes           | 3 |  3.9
Fighting       | 4 |  4.6
Armour         | 4 |  4.1
Shields        | 4 |  4.0

Action                   |  1- 3 |  4- 6 || total
-------------------------+-------+-------++-------
Melee: War axe           |    84 |    72 ||   156
Throw: Boomerang         |     2 |     3 ||     5
  Use: Scroll            |     3 |     2 ||     5
       Potion            |       |     2 ||     2
Armor: Scale mail        |    38 |    37 ||    75
Dodge: Dodged            |    40 |    41 ||    81
Block: Buckler           |    21 |     8 ||    29

Table legend: (Time is in decaauts)
 A = Elapsed time spent in this place.
 B = Non-inter-level travel time spent in this place.
 C = Inter-level travel time spent in this place.
 D = Time resting spent in this place.
 E = Time spent auto-exploring this place.
 F = Levels seen in this place.
 G = Mean time per level.
                   A        B        C        D        E       F      G
               +--------+--------+--------+--------+--------+-----+--------+
         Total |   2476 |   2448 |     28 |      0 |   2028 |   3 |  825.3 |
       Dungeon |   2476 |   2448 |     28 |      0 |   2028 |   3 |  825.3 |
               +--------+--------+--------+--------+--------+-----+--------+

Top non-repeatable levels by time:
     D:2: 1341 daAuts
     D:1: 889 daAuts
     D:3: 245 daAuts
